Montreal Canadiens vs Calgary Flames
Created - Tuesday, October 31, 2023 at 06:56
Goals
|
| Montreal Canadiens |
2 |
1 |
0 |
3 |
| Calgary Flames |
2 |
1 |
2 |
5 |
|
Shots
|
| Montreal Canadiens |
13 |
16 |
5 |
34 |
| Calgary Flames |
12 |
18 |
12 |
42 |
|
1st period
1. Calgary Flames , Zach Hyman 19 (Sebastian Aho 32, Kris Letang 16) at 2:17 (PP)
2. Montreal Canadiens , Sidney Crosby 27 (Patrik Laine 26) at 11:59
3. Montreal Canadiens , Filip Hronek 5 (Patrik Laine 27, Damon Severson 13) at 13:52 (PP)
4. Calgary Flames , J.T. Miller 12 (Valeri Nichushkin 24, Matthew Tkachuk 31) at 19:07
Penalties :
Tyler Myers (MTL) for Roughing (Minor) at 1:43, Joel Eriksson Ek (CGY) for Roughing (Minor) at 12:18
2nd period
5. Montreal Canadiens , Sidney Crosby 28 (Dylan Larkin 17) at 1:56 (PP)
6. Calgary Flames , Drew Doughty 2 (Zach Hyman 31, Sebastian Aho 33) at 18:04 (PP)
Penalties :
Rafael Harvey-Pinard (CGY) for Tripping (Minor) at 1:54, J.T. Miller (CGY) for Holding (Minor) at 9:35, Matthew Tkachuk (CGY) for Charging (Minor) at 15:33, Filip Hronek (MTL) for Hooking (Minor) at 17:58
3rd period
7. Calgary Flames , Rafael Harvey-Pinard 4 (Joel Eriksson Ek 10, Mathieu Joseph 9) at 7:42
8. Calgary Flames , Matthew Tkachuk 23 (Valeri Nichushkin 25, J.T. Miller 26) at 16:47 (PP)
Penalties :
Mathieu Joseph (CGY) for Roughing (Minor) at 4:23, Matthew Tkachuk (CGY) for Interference (Minor) at 10:52, Tyson Jost (MTL) for Tripping (Minor) at 16:32, Jeremy Lauzon (CGY) for Hooking (Minor) at 16:58
Goalie Stats
Jacob Markstrom (MTL), 37 saves from 42 shots - (0.881), L, 21-21-5, 60:00 minutes
Samuel Montembeault (CGY), 31 saves from 34 shots - (0.912), W, 13-7-4, 60:00 minutes
Players Stats for Montreal Canadiens
Player Name G A P +/- PIM S H SB GA TA FO MP PP MP PK MP
------------------------------------------------------------------------------------
Adam Fox 0 0 0 0 0 1 0 0 1 4 0/0 28:01 6:11 0:40
Brady Skjei 0 0 0 -1 0 1 1 1 0 0 0/0 21:47 5:17 0:15
Christian Fischer 0 0 0 0 0 1 1 0 0 0 1/9 11:01 0:00 0:33
Damon Severson 0 1 1 0 0 0 2 0 0 1 0/0 15:41 5:17 0:00
Dylan Larkin 0 1 1 0 0 8 1 1 0 0 8/11 17:27 4:51 0:22
Evgeni Dadonov 0 0 0 -2 0 0 2 0 0 0 0/0 10:32 1:14 0:00
Filip Forsberg 0 0 0 0 0 4 2 0 1 0 0/0 19:22 6:31 0:00
Filip Hronek 1 0 1 0 2 2 3 3 1 4 0/0 26:58 5:49 0:00
Jack Johnson 0 0 0 0 0 0 3 0 0 0 0/0 11:17 0:28 0:40
Jake Evans 0 0 0 -1 0 0 0 2 0 0 0/2 7:53 0:00 0:33
Jamie Benn 0 0 0 1 0 1 2 0 0 0 1/2 19:32 4:11 0:22
Jonathan Marchessault 0 0 0 -1 0 1 0 1 0 0 0/0 12:17 0:05 0:00
Martin Necas 0 0 0 0 0 1 2 0 1 0 1/1 19:22 6:31 0:00
Patrik Laine 0 2 2 1 0 5 2 0 1 0 0/2 21:36 6:10 0:00
Sidney Crosby 2 0 2 1 0 7 1 2 1 0 9/26 19:46 4:28 0:00
Tyler Myers 0 0 0 -1 2 0 1 0 0 0 0/0 16:14 0:00 0:15
Tyson Jost 0 0 0 -1 2 2 0 1 0 0 1/1 12:56 0:32 0:00
Vladislav Namestnikov 0 0 0 -1 0 0 1 0 0 0 0/1 7:20 0:00 0:00
Players Stats for Calgary Flames
Player Name G A P +/- PIM S H SB GA TA FO MP PP MP PK MP
------------------------------------------------------------------------------------
Drew Doughty 1 0 1 0 0 2 0 0 0 1 0/0 23:39 0:55 5:28
J.T. Miller 1 1 2 0 2 2 1 0 0 0 16/23 15:02 0:36 0:00
Jacob Peterson 0 0 0 0 0 2 2 0 1 0 0/0 6:01 0:00 0:00
Jeff Petry 0 0 0 -1 0 2 4 1 0 1 0/0 21:40 0:00 6:03
Jeremy Lauzon 0 0 0 2 2 1 1 1 0 0 0/0 14:42 0:00 0:00
Joel Eriksson Ek 0 1 1 1 2 1 2 2 1 0 1/1 18:08 0:00 4:45
Kris Letang 0 1 1 0 0 1 5 0 0 1 0/0 23:25 0:55 5:28
Logan Couture 0 0 0 0 0 3 0 0 1 0 5/8 12:28 0:00 0:00
Mathieu Joseph 0 1 1 1 2 2 1 0 0 0 1/1 12:25 0:00 4:31
Matthew Tkachuk 1 1 2 0 4 5 1 0 1 1 0/1 17:03 0:36 1:21
Michael Anderson 0 0 0 1 0 1 1 0 0 1 0/0 19:08 0:00 6:03
Nic Dowd 0 0 0 0 0 1 0 1 0 0 5/8 11:47 0:00 5:09
Rafael Harvey-Pinard 1 0 1 1 2 4 0 2 0 0 0/0 19:11 0:00 5:27
Rasmus Andersson 0 0 0 0 0 1 0 1 0 0 0/0 17:27 0:00 0:00
Sebastian Aho 0 2 2 0 0 3 2 1 0 1 6/12 14:31 0:19 1:26
Timo Meier 0 0 0 0 0 6 0 0 4 0 0/0 13:21 0:19 0:00
Valeri Nichushkin 0 2 2 0 0 3 1 0 1 0 0/1 15:26 0:36 0:23
Zach Hyman 1 1 2 0 0 2 0 0 0 0 0/0 12:58 0:19 0:00
3 Stars
1 - Sidney Crosby (MTL)
2 - Zach Hyman (CGY)
3 - Sebastian Aho (CGY)
Power Play
Montreal Canadiens - 2 on 7 Attempt(s) - 28.57%
Calgary Flames - 3 on 3 Attempt(s) - 100.00%
Penalty Kill
Montreal Canadiens - 0 on 3 Attempt(s) - 0.00%
- Score 0 goal in Penalty Kill
Calgary Flames - 5 on 7 Attempt(s) - 71.43%
- Score 0 goal in Penalty Kill
Team Stat
Montreal Canadiens - Hits : 24 - Faceoff Wins : 21 - Blocked Shots : 11 - Penalty Minutes : 6
Calgary Flames - Hits : 21 - Faceoff Wins : 34 - Blocked Shots : 9 - Penalty Minutes : 14
Official
Referees : Jacob Brenk and Kelly Sutherland
Linesman : Shandor Alphonso and Steve Barton
Game Notes
No Game Note
Finance
Level 1 -- Attendance: 4828 (80.47%) -- Ticket Income $482,800
Level 2 -- Attendance: 3943 (78.86%) -- Ticket Income $236,580
Level 3 -- Attendance: 2380 (79.33%) -- Ticket Income $83,300
Level 4 -- Attendance: 3653 (73.06%) -- Ticket Income $91,325
Luxury Box -- Attendance: 817 (81.70%) -- Ticket Income $163,400
Game was played at the Scotiabank Saddledome.
Total Attendance: 15621 (78.11%)
Total Ticket Income: $1,057,405
Other Income: $370,092
Total Income: $1,427,497
Montreal Canadiens
5 vs 5 Forward
Center Left Wing Right Wing Time % Phy DF OF
1 Sidney Crosby Jamie Benn Patrik Laine 39 1 2 2
2 Dylan Larkin Martin Necas Filip Forsberg 30 1 2 2
3 Christian Fischer Jonathan Marchessault Tyson Jost 20 1 2 2
4 Vladislav Namestnikov Evgeni Dadonov Jake Evans 11 1 2 2
5 vs 5 Defense
Defense Defense Time % Phy DF OF
1 Adam Fox Filip Hronek 37 1 2 2
2 Brady Skjei Tyler Myers 30 1 2 2
3 Damon Severson Jack Johnson 18 1 4 0
4 Adam Fox Filip Hronek 15 1 2 2
PowerPlay Forward
Center Left Wing Right Wing Time % Phy DF OF
1 Sidney Crosby Dylan Larkin Jamie Benn 65 0 1 4
2 Martin Necas Patrik Laine Filip Forsberg 35 0 1 4
PowerPlay Defense
Defense Defense Time % Phy DF OF
1 Adam Fox Filip Hronek 70 0 1 4
2 Brady Skjei Damon Severson 30 0 1 4
Penalty Kill 4 Players Forward
Center Wing Time % Phy DF OF
1 Dylan Larkin Jamie Benn 50 1 3 1
2 Jake Evans Christian Fischer 50 1 3 1
Penalty Kill 4 Players Defense
Defense Defense Time % Phy DF OF
1 Jack Johnson Adam Fox 50 1 3 1
2 Tyler Myers Brady Skjei 50 1 3 1
Penalty Kill - 3 Players Forward
Forward Time % Phy DF OF
1 Dylan Larkin 50 1 4 0
2 Jamie Benn 50 1 4 0
Penalty Kill - 3 Players Defense
Defense Defense Time % Phy DF OF
1 Jack Johnson Adam Fox 50 1 4 0
2 Filip Hronek Tyler Myers 50 1 4 0
4 vs 4 Forward
Center Wing Time % Phy DF OF
1 Sidney Crosby Jamie Benn 60 1 1 3
2 Dylan Larkin Martin Necas 40 1 1 3
4 vs 4 Defense
Defense Defense Time % Phy DF OF
1 Adam Fox Tyler Myers 55 1 2 2
2 Damon Severson Brady Skjei 45 1 2 2
Last Minutes Offensive
Center Left Wing Right Wing Defense Defense
Sidney Crosby Dylan Larkin Jamie Benn Adam Fox Filip Hronek
Last Minutes Defensive
Center Left Wing Right Wing Defense Defense
Sidney Crosby Dylan Larkin Jamie Benn Adam Fox Filip Hronek
Goaltenders
Starting : Jacob Markstrom
Backup : David Rittich
Extra Forwards
Normal : Patrik Laine, Sidney Crosby, Dylan Larkin - PP : Jamie Benn, Patrik Laine - PK : Vladislav Namestnikov
Extra Defensemen
Normal : Filip Hronek, Damon Severson, Adam Fox - PP : Filip Hronek - PK : Brady Skjei, Adam Fox
Penalty Shots
Filip Forsberg, Sidney Crosby, Dylan Larkin, Jamie Benn, Patrik Laine
Calgary Flames
5 vs 5 Forward
Center Left Wing Right Wing Time % Phy DF OF
1 J.T. Miller Matthew Tkachuk Valeri Nichushkin 31 1 2 2
2 Sebastian Aho Zach Hyman Joel Eriksson Ek 30 1 2 2
3 Logan Couture Rafael Harvey-Pinard Timo Meier 29 1 2 2
4 Nic Dowd Jacob Peterson Mathieu Joseph 10 1 2 2
5 vs 5 Defense
Defense Defense Time % Phy DF OF
1 Kris Letang Drew Doughty 35 1 2 2
2 Jeff Petry Rasmus Andersson 35 1 2 2
3 Michael Anderson Jeremy Lauzon 30 1 2 2
4 Kris Letang Drew Doughty 0 1 2 2
PowerPlay Forward
Center Left Wing Right Wing Time % Phy DF OF
1 J.T. Miller Matthew Tkachuk Valeri Nichushkin 50 0 0 5
2 Sebastian Aho Zach Hyman Timo Meier 50 0 0 5
PowerPlay Defense
Defense Defense Time % Phy DF OF
1 Kris Letang Drew Doughty 50 0 2 3
2 Jeff Petry Rasmus Andersson 50 0 2 3
Penalty Kill 4 Players Forward
Center Wing Time % Phy DF OF
1 Joel Eriksson Ek Rafael Harvey-Pinard 50 0 5 0
2 Nic Dowd Mathieu Joseph 50 0 5 0
Penalty Kill 4 Players Defense
Defense Defense Time % Phy DF OF
1 Kris Letang Drew Doughty 50 0 5 0
2 Jeff Petry Michael Anderson 50 0 5 0
Penalty Kill - 3 Players Forward
Forward Time % Phy DF OF
1 J.T. Miller 50 0 5 0
2 Sebastian Aho 50 0 5 0
Penalty Kill - 3 Players Defense
Defense Defense Time % Phy DF OF
1 Kris Letang Drew Doughty 50 0 5 0
2 Jeff Petry Michael Anderson 50 0 5 0
4 vs 4 Forward
Center Wing Time % Phy DF OF
1 J.T. Miller Matthew Tkachuk 50 1 2 2
2 Sebastian Aho Logan Couture 50 1 2 2
4 vs 4 Defense
Defense Defense Time % Phy DF OF
1 Kris Letang Drew Doughty 50 1 2 2
2 Jeff Petry Rasmus Andersson 50 1 2 2
Last Minutes Offensive
Center Left Wing Right Wing Defense Defense
J.T. Miller Matthew Tkachuk Sebastian Aho Kris Letang Drew Doughty
Last Minutes Defensive
Center Left Wing Right Wing Defense Defense
J.T. Miller Sebastian Aho Valeri Nichushkin Kris Letang Drew Doughty
Goaltenders
Starting : Samuel Montembeault
Backup : Ilya Sorokin
Extra Forwards
Normal : Nic Dowd, Joel Eriksson Ek, Mathieu Joseph - PP : Nic Dowd, Joel Eriksson Ek - PK : Mathieu Joseph
Extra Defensemen
Normal : Rasmus Andersson, Michael Anderson, Jeff Petry - PP : Rasmus Andersson - PK : Michael Anderson, Jeff Petry
Penalty Shots
J.T. Miller, Matthew Tkachuk, Sebastian Aho, Logan Couture, Joel Eriksson Ek
% Time on Ice - Montreal Canadiens
Lines # - Real PCT - Wanted PCT - Time Play
Normal Forward
1 - 36% - 39% - 16:55
2 - 27% - 30% - 12:51
3 - 22% - 20% - 10:28
4 - 15% - 11% - 7:20
Normal Defense
1 - 35% - 37% - 16:44
2 - 34% - 30% - 16:15
3 - 21% - 18% - 10:09
4 - 9% - 15% - 4:26
PP Forward
1 - 43% - 65% - 5:00
2 - 57% - 35% - 6:31
PP Defense
1 - 54% - 70% - 6:14
2 - 46% - 30% - 5:17
PK Forward
1 - 40% - 50% - 0:22
2 - 60% - 50% - 0:33
PK Defense
1 - 73% - 50% - 0:40
2 - 27% - 50% - 0:15
PK3 Forward
1 - 0% - 50%
2 - 0% - 50%
PK3 Defense
1 - 0% - 50%
2 - 0% - 50%
44 Forward
1 - 0% - 60%
2 - 0% - 40%
44 Defense
1 - 0% - 55%
2 - 0% - 45%
Last Minute Offensive - 0:00
Last Minute Defensive - 0:00
Total
Forward - 60:00
Defense - 60:00
|
% Time on Ice - Calgary Flames
Lines # - Real PCT - Wanted PCT - Time Play
Normal Forward
1 - 34% - 31% - 16:11
2 - 27% - 30% - 12:54
3 - 26% - 29% - 12:28
4 - 13% - 10% - 6:01
Normal Defense
1 - 35% - 35% - 16:50
2 - 35% - 35% - 16:33
3 - 29% - 30% - 13:59
4 - 0% - 0% - 0:12
PP Forward
1 - 65% - 50% - 0:36
2 - 35% - 50% - 0:19
PP Defense
1 - 100% - 50% - 0:55
2 - 0% - 50% - 0:00
PK Forward
1 - 51% - 50% - 5:53
2 - 49% - 50% - 5:38
PK Defense
1 - 47% - 50% - 5:28
2 - 53% - 50% - 6:03
PK3 Forward
1 - 0% - 50%
2 - 0% - 50%
PK3 Defense
1 - 0% - 50%
2 - 0% - 50%
44 Forward
1 - 0% - 50%
2 - 0% - 50%
44 Defense
1 - 0% - 50%
2 - 0% - 50%
Last Minute Offensive - 0:00
Last Minute Defensive - 0:00
Total
Forward - 60:00
Defense - 60:00
|
Play-by-Play
1st period
0:01 of 1st period - J.T. Miller wins face-off versus Sidney Crosby in neutral zone.
0:06 of 1st period - Valeri Nichushkin is hit by Filip Hronek and loses puck.
0:35 of 1st period - Snap shot by Sebastian Aho.
0:35 of 1st period - Stopped by Jacob Markstrom without a rebound.
0:36 of 1st period - Tyson Jost wins face-off versus Logan Couture in Montreal Canadiens zone.
1:02 of 1st period - Brady Skjei is hit by Jacob Peterson and loses puck.
1:14 of 1st period - Wrist shot by Nic Dowd.
1:14 of 1st period - Shot Misses the Net.
1:30 of 1st period - Tyler Myers is hit by Michael Anderson and loses puck.
1:37 of 1st period - Snap shot by Matthew Tkachuk.
1:37 of 1st period - Shot Misses the Net.
1:43 of 1st period - Minor Penalty to Tyler Myers for Roughing.
1:44 of 1st period - J.T. Miller wins face-off versus Dylan Larkin in Montreal Canadiens zone.
2:17 of 1st period - Snap shot by Zach Hyman.
2:17 of 1st period - Goal by Zach Hyman - Montreal Canadiens : 0 - Calgary Flames : 1.
2:18 of 1st period - Sidney Crosby wins face-off versus Sebastian Aho in neutral zone.
2:21 of 1st period - Rasmus Andersson is hit by Jack Johnson and loses puck.
2:33 of 1st period - Slapshot by Sidney Crosby.
2:33 of 1st period - Stopped by Samuel Montembeault without a rebound.
2:34 of 1st period - Dylan Larkin wins face-off versus Logan Couture in Calgary Flames zone.
3:01 of 1st period - Jamie Benn is hit by Sebastian Aho and loses puck.
3:12 of 1st period - Snap shot by Zach Hyman.
3:12 of 1st period - Shot Misses the Net.
3:14 of 1st period - Slapshot by Joel Eriksson Ek.
3:14 of 1st period - Shot Misses the Net.
3:30 of 1st period - Wrist shot by Jacob Peterson.
3:30 of 1st period - Shot Blocked by Sidney Crosby.
3:42 of 1st period - Wrist shot by Sidney Crosby.
3:42 of 1st period - Stopped by Samuel Montembeault with a rebound.
4:29 of 1st period - Wrist shot by Dylan Larkin.
4:29 of 1st period - Stopped by Samuel Montembeault without a rebound.
4:30 of 1st period - Dylan Larkin wins face-off versus J.T. Miller in Calgary Flames zone.
5:05 of 1st period - Wrist shot by Logan Couture.
5:05 of 1st period - Shot Misses the Net.
5:07 of 1st period - Slapshot by Kris Letang.
5:07 of 1st period - Shot Misses the Net.
5:09 of 1st period - Snap shot by Timo Meier.
5:09 of 1st period - Shot Misses the Net.
5:27 of 1st period - Wrist shot by Jacob Peterson.
5:27 of 1st period - Shot Blocked by Dylan Larkin.
5:29 of 1st period - Slapshot by Rasmus Andersson.
5:29 of 1st period - Deflect By Dylan Larkin.
5:29 of 1st period - Stopped by Jacob Markstrom with a rebound.
5:31 of 1st period - Wrist shot by Mathieu Joseph.
5:31 of 1st period - Shot Misses the Net.
5:33 of 1st period - Wrist shot by Nic Dowd.
5:33 of 1st period - Stopped by Jacob Markstrom without a rebound.
5:34 of 1st period - Sebastian Aho wins face-off versus Christian Fischer in Montreal Canadiens zone.
5:45 of 1st period - Wrist shot by Jonathan Marchessault.
5:45 of 1st period - Stopped by Samuel Montembeault without a rebound.
5:46 of 1st period - J.T. Miller wins face-off versus Christian Fischer in Calgary Flames zone.
6:52 of 1st period - Tyler Myers is hit by Jacob Peterson and loses puck.
7:19 of 1st period - Adam Fox is hit by Matthew Tkachuk and loses puck.
8:25 of 1st period - Slapshot by Sidney Crosby.
8:25 of 1st period - Stopped by Samuel Montembeault with a rebound.
9:00 of 1st period - Snap shot by Patrik Laine.
9:00 of 1st period - Stopped by Samuel Montembeault with a rebound.
9:08 of 1st period - Snap shot by Timo Meier.
9:08 of 1st period - Stopped by Jacob Markstrom with a rebound.
9:16 of 1st period - Backhand shot by Timo Meier.
9:16 of 1st period - Stopped by Jacob Markstrom without a rebound.
9:17 of 1st period - J.T. Miller wins face-off versus Dylan Larkin in Montreal Canadiens zone.
9:30 of 1st period - Snap shot by Valeri Nichushkin.
9:30 of 1st period - Shot Misses the Net.
10:28 of 1st period - Wrist shot by Matthew Tkachuk.
10:28 of 1st period - Shot Blocked by Jake Evans.
10:30 of 1st period - Slapshot by Rasmus Andersson.
10:30 of 1st period - Shot Misses the Net.
10:45 of 1st period - Damon Severson is hit by Sebastian Aho and loses puck.
11:16 of 1st period - Jake Evans is hit by Valeri Nichushkin.
11:20 of 1st period - Slapshot by Matthew Tkachuk.
11:20 of 1st period - Shot Misses the Net.
11:37 of 1st period - Snap shot by Filip Forsberg.
11:37 of 1st period - Stopped by Samuel Montembeault without a rebound.
11:38 of 1st period - Dylan Larkin wins face-off versus Sebastian Aho in Calgary Flames zone.
11:41 of 1st period - Wrist shot by Filip Forsberg.
11:41 of 1st period - Shot Misses the Net.
11:43 of 1st period - Wrist shot by Dylan Larkin.
11:43 of 1st period - Shot Hit the Post.
11:47 of 1st period - Snap shot by Dylan Larkin.
11:47 of 1st period - Shot Misses the Net.
11:49 of 1st period - Backhand shot by Filip Forsberg.
11:49 of 1st period - Shot Blocked by Joel Eriksson Ek.
11:51 of 1st period - Slapshot by Damon Severson.
11:51 of 1st period - Deflect By Dylan Larkin.
11:51 of 1st period - Stopped by Samuel Montembeault with a rebound.
11:53 of 1st period - Snap shot by Dylan Larkin.
11:53 of 1st period - Stopped by Samuel Montembeault with a rebound.
11:55 of 1st period - Slapshot by Dylan Larkin.
11:55 of 1st period - Stopped by Samuel Montembeault without a rebound.
11:56 of 1st period - Sidney Crosby wins face-off versus J.T. Miller in Calgary Flames zone.
11:59 of 1st period - Wrist shot by Sidney Crosby.
11:59 of 1st period - Goal by Sidney Crosby - Montreal Canadiens : 1 - Calgary Flames : 1.
12:00 of 1st period - J.T. Miller wins face-off versus Sidney Crosby in neutral zone.
12:02 of 1st period - Off-side.
12:03 of 1st period - J.T. Miller wins face-off versus Sidney Crosby in neutral zone.
12:15 of 1st period - Snap shot by Sidney Crosby.
12:15 of 1st period - Deflect By Patrik Laine.
12:15 of 1st period - Stopped by Samuel Montembeault without a rebound.
12:16 of 1st period - Sebastian Aho wins face-off versus Sidney Crosby in Calgary Flames zone.
12:18 of 1st period - Minor Penalty to Joel Eriksson Ek for Roughing.
12:19 of 1st period - Mathieu Joseph wins face-off versus Sidney Crosby in Calgary Flames zone.
12:19 of 1st period - Mathieu Joseph is hit by Sidney Crosby.
12:46 of 1st period - Adam Fox is hit by Kris Letang and loses puck.
13:03 of 1st period - Kris Letang is hit by Martin Necas and loses puck.
13:30 of 1st period - Michael Anderson is hit by Filip Hronek and loses puck.
13:45 of 1st period - Sebastian Aho is hit by Patrik Laine and loses puck.
13:50 of 1st period - Wrist shot by Patrik Laine.
13:50 of 1st period - Shot Blocked by Jeff Petry.
13:52 of 1st period - Slapshot by Filip Hronek.
13:52 of 1st period - Goal by Filip Hronek - Montreal Canadiens : 2 - Calgary Flames : 1.
13:53 of 1st period - J.T. Miller wins face-off versus Christian Fischer in neutral zone.
13:58 of 1st period - Snap shot by J.T. Miller.
13:58 of 1st period - Stopped by Jacob Markstrom with a rebound.
14:00 of 1st period - Slapshot by Jeff Petry.
14:00 of 1st period - Shot Blocked by Filip Hronek.
14:02 of 1st period - Slapshot by Jeff Petry.
14:02 of 1st period - Deflect By Christian Fischer.
14:02 of 1st period - Stopped by Jacob Markstrom with a rebound.
14:04 of 1st period - Wrist shot by Jeff Petry.
14:04 of 1st period - Shot Blocked by Jonathan Marchessault.
15:04 of 1st period - Vladislav Namestnikov is hit by Kris Letang.
17:07 of 1st period - J.T. Miller is hit by Jack Johnson and loses puck.
17:26 of 1st period - Kris Letang is hit by Jamie Benn and loses puck.
17:49 of 1st period - Tyler Myers is hit by Joel Eriksson Ek and loses puck.
17:58 of 1st period - Wrist shot by Sebastian Aho.
17:58 of 1st period - Shot Misses the Net.
18:20 of 1st period - Jeremy Lauzon is hit by Christian Fischer and loses puck.
18:48 of 1st period - Timo Meier is hit by Jack Johnson and loses puck.
19:03 of 1st period - Snap shot by Valeri Nichushkin.
19:03 of 1st period - Stopped by Jacob Markstrom with a rebound.
19:05 of 1st period - Wrist shot by Valeri Nichushkin.
19:05 of 1st period - Shot Misses the Net.
19:07 of 1st period - Wrist shot by J.T. Miller.
19:07 of 1st period - Goal by J.T. Miller - Montreal Canadiens : 2 - Calgary Flames : 2.
19:08 of 1st period - Sidney Crosby wins face-off versus Sebastian Aho in neutral zone.
19:17 of 1st period - Wrist shot by Zach Hyman.
19:17 of 1st period - Shot Misses the Net.
19:19 of 1st period - Slapshot by Kris Letang.
19:19 of 1st period - Deflect By Sidney Crosby.
19:19 of 1st period - Stopped by Jacob Markstrom without a rebound.
19:20 of 1st period - J.T. Miller wins face-off versus Sidney Crosby in Montreal Canadiens zone.
19:21 of 1st period - Snap shot by Matthew Tkachuk.
19:21 of 1st period - Stopped by Jacob Markstrom with a rebound.
Goals for this period are 2 for Montreal Canadiens vs 2 for Calgary Flames.
Shots for this period are 13 for Montreal Canadiens vs 12 for Calgary Flames.
2nd period
0:01 of 2nd period - J.T. Miller wins face-off versus Sidney Crosby in neutral zone.
0:10 of 2nd period - Slapshot by Matthew Tkachuk.
0:10 of 2nd period - Stopped by Jacob Markstrom with a rebound.
0:34 of 2nd period - Sebastian Aho is hit by Dylan Larkin and loses puck.
1:17 of 2nd period - Wrist shot by Timo Meier.
1:17 of 2nd period - Stopped by Jacob Markstrom with a rebound.
1:35 of 2nd period - Off-side.
1:36 of 2nd period - Sidney Crosby wins face-off versus J.T. Miller in neutral zone.
1:43 of 2nd period - Snap shot by Sidney Crosby.
1:43 of 2nd period - Stopped by Samuel Montembeault with a rebound.
1:45 of 2nd period - Snap shot by Patrik Laine.
1:45 of 2nd period - Stopped by Samuel Montembeault without a rebound.
1:46 of 2nd period - Logan Couture wins face-off versus Patrik Laine in Calgary Flames zone.
1:54 of 2nd period - Minor Penalty to Rafael Harvey-Pinard for Tripping.
1:55 of 2nd period - Dylan Larkin wins face-off versus Nic Dowd in Calgary Flames zone.
1:56 of 2nd period - Wrist shot by Sidney Crosby.
1:56 of 2nd period - Goal by Sidney Crosby - Montreal Canadiens : 3 - Calgary Flames : 2.
1:57 of 2nd period - J.T. Miller wins face-off versus Jamie Benn in neutral zone.
2:08 of 2nd period - Jamie Benn is hit by Jeff Petry and loses puck.
2:33 of 2nd period - Wrist shot by Dylan Larkin.
2:33 of 2nd period - Stopped by Samuel Montembeault without a rebound.
2:34 of 2nd period - Dylan Larkin wins face-off versus Sebastian Aho in Calgary Flames zone.
2:35 of 2nd period - Wrist shot by Filip Forsberg.
2:35 of 2nd period - Shot Blocked by Jeremy Lauzon.
2:37 of 2nd period - Slapshot by Damon Severson.
2:37 of 2nd period - Shot Blocked by Sebastian Aho.
2:39 of 2nd period - Wrist shot by Filip Forsberg.
2:39 of 2nd period - Stopped by Samuel Montembeault with a rebound.
2:41 of 2nd period - Slapshot by Dylan Larkin.
2:41 of 2nd period - Stopped by Samuel Montembeault without a rebound.
2:42 of 2nd period - Dylan Larkin wins face-off versus Sebastian Aho in Calgary Flames zone.
3:26 of 2nd period - Snap shot by Zach Hyman.
3:26 of 2nd period - Stopped by Jacob Markstrom with a rebound.
3:28 of 2nd period - Snap shot by Zach Hyman.
3:28 of 2nd period - Shot Misses the Net.
3:30 of 2nd period - Slapshot by Michael Anderson.
3:30 of 2nd period - Shot Blocked by Brady Skjei.
3:32 of 2nd period - Wrist shot by Jeremy Lauzon.
3:32 of 2nd period - Stopped by Jacob Markstrom without a rebound.
3:33 of 2nd period - Logan Couture wins face-off versus Sidney Crosby in Montreal Canadiens zone.
3:40 of 2nd period - Snap shot by Timo Meier.
3:40 of 2nd period - Stopped by Jacob Markstrom with a rebound.
3:42 of 2nd period - Slapshot by Drew Doughty.
3:42 of 2nd period - Shot Blocked by Filip Hronek.
3:44 of 2nd period - Wrist shot by Logan Couture.
3:44 of 2nd period - Stopped by Jacob Markstrom with a rebound.
3:46 of 2nd period - Wrist shot by Rafael Harvey-Pinard.
3:46 of 2nd period - Stopped by Jacob Markstrom without a rebound.
3:47 of 2nd period - J.T. Miller wins face-off versus Dylan Larkin in Montreal Canadiens zone.
4:17 of 2nd period - Wrist shot by Jacob Peterson.
4:17 of 2nd period - Stopped by Jacob Markstrom without a rebound.
4:18 of 2nd period - Nic Dowd wins face-off versus Sidney Crosby in Montreal Canadiens zone.
4:52 of 2nd period - Slapshot by Timo Meier.
4:52 of 2nd period - Shot Misses the Net.
4:58 of 2nd period - Slapshot by Logan Couture.
4:58 of 2nd period - Shot Misses the Net.
5:00 of 2nd period - Slapshot by Timo Meier.
5:00 of 2nd period - Stopped by Jacob Markstrom with a rebound.
5:56 of 2nd period - Wrist shot by Jamie Benn.
5:56 of 2nd period - Stopped by Samuel Montembeault with a rebound.
6:45 of 2nd period - Snap shot by Timo Meier.
6:45 of 2nd period - Shot Misses the Net.
6:47 of 2nd period - Snap shot by Michael Anderson.
6:47 of 2nd period - Deflect By Logan Couture.
6:47 of 2nd period - Stopped by Jacob Markstrom without a rebound.
6:48 of 2nd period - Sebastian Aho wins face-off versus Sidney Crosby in Montreal Canadiens zone.
6:55 of 2nd period - Snap shot by Joel Eriksson Ek.
6:55 of 2nd period - Deflect By Sebastian Aho.
6:55 of 2nd period - Stopped by Jacob Markstrom with a rebound.
7:15 of 2nd period - Timo Meier is hit by Tyler Myers and loses puck.
7:37 of 2nd period - Off-side.
7:38 of 2nd period - Christian Fischer wins face-off versus J.T. Miller in neutral zone.
7:43 of 2nd period - Wrist shot by Tyson Jost.
7:43 of 2nd period - Stopped by Samuel Montembeault with a rebound.
7:45 of 2nd period - Snap shot by Tyson Jost.
7:45 of 2nd period - Deflect By Jonathan Marchessault.
7:45 of 2nd period - Shot Misses the Net.
7:45 of 2nd period - Puck is out of play.
7:46 of 2nd period - Sidney Crosby wins face-off versus Logan Couture in Calgary Flames zone.
7:55 of 2nd period - Snap shot by Sidney Crosby.
7:55 of 2nd period - Stopped by Samuel Montembeault without a rebound.
7:56 of 2nd period - Logan Couture wins face-off versus Sidney Crosby in Calgary Flames zone.
8:21 of 2nd period - Filip Hronek is hit by Kris Letang and loses puck.
8:50 of 2nd period - Snap shot by Patrik Laine.
8:50 of 2nd period - Stopped by Samuel Montembeault with a rebound.
8:54 of 2nd period - Slapshot by Jamie Benn.
8:54 of 2nd period - Shot Misses the Net.
9:22 of 2nd period - Snap shot by Patrik Laine.
9:22 of 2nd period - Stopped by Samuel Montembeault with a rebound.
9:26 of 2nd period - Snap shot by Sidney Crosby.
9:26 of 2nd period - Shot Blocked by Rasmus Andersson.
9:28 of 2nd period - Slapshot by Filip Hronek.
9:28 of 2nd period - Stopped by Samuel Montembeault without a rebound.
9:29 of 2nd period - Dylan Larkin wins face-off versus Valeri Nichushkin in Calgary Flames zone.
9:35 of 2nd period - Minor Penalty to J.T. Miller for Holding.
9:36 of 2nd period - Martin Necas wins face-off versus Nic Dowd in Calgary Flames zone.
10:27 of 2nd period - Slapshot by Joel Eriksson Ek.
10:27 of 2nd period - Shot Blocked by Filip Hronek.
10:29 of 2nd period - Slapshot by Michael Anderson.
10:29 of 2nd period - Stopped by Jacob Markstrom with a rebound.
10:31 of 2nd period - Wrist shot by Jeff Petry.
10:31 of 2nd period - Deflect By Sidney Crosby.
10:31 of 2nd period - Stopped by Jacob Markstrom without a rebound.
10:32 of 2nd period - Joel Eriksson Ek wins face-off versus Sidney Crosby in Montreal Canadiens zone.
10:35 of 2nd period - Slapshot by Joel Eriksson Ek.
10:35 of 2nd period - Shot Misses the Net.
10:41 of 2nd period - Rafael Harvey-Pinard is hit by Evgeni Dadonov and loses puck.
10:58 of 2nd period - Nic Dowd is hit by Martin Necas and loses puck.
11:35 of 2nd period - Penalty to J.T. Miller is over, J.T. Miller is back on ice.
12:01 of 2nd period - Slapshot by Adam Fox.
12:01 of 2nd period - Stopped by Samuel Montembeault with a rebound.
12:07 of 2nd period - Valeri Nichushkin is hit by Vladislav Namestnikov and loses puck.
12:26 of 2nd period - Snap shot by Logan Couture.
12:26 of 2nd period - Shot Blocked by Tyson Jost.
13:33 of 2nd period - Valeri Nichushkin is hit by Damon Severson and loses puck.
14:05 of 2nd period - Tyson Jost is hit by Jeff Petry and loses puck.
14:16 of 2nd period - Snap shot by Sebastian Aho.
14:16 of 2nd period - Stopped by Jacob Markstrom with a rebound.
14:28 of 2nd period - Snap shot by Filip Forsberg.
14:28 of 2nd period - Shot Misses the Net.
14:30 of 2nd period - Slapshot by Tyler Myers.
14:30 of 2nd period - Shot Misses the Net.
14:32 of 2nd period - Snap shot by Filip Forsberg.
14:32 of 2nd period - Shot Misses the Net.
14:34 of 2nd period - Snap shot by Martin Necas.
14:34 of 2nd period - Stopped by Samuel Montembeault without a rebound.
14:35 of 2nd period - Logan Couture wins face-off versus Sidney Crosby in Calgary Flames zone.
15:08 of 2nd period - Snap shot by Dylan Larkin.
15:08 of 2nd period - Shot Misses the Net.
15:10 of 2nd period - Snap shot by Dylan Larkin.
15:10 of 2nd period - Stopped by Samuel Montembeault without a rebound.
15:11 of 2nd period - Dylan Larkin wins face-off versus Sebastian Aho in Calgary Flames zone.
15:25 of 2nd period - Off-side.
15:26 of 2nd period - Sidney Crosby wins face-off versus J.T. Miller in neutral zone.
15:31 of 2nd period - Wrist shot by Jamie Benn.
15:31 of 2nd period - Shot Misses the Net.
15:33 of 2nd period - Minor Penalty to Matthew Tkachuk for Charging.
15:34 of 2nd period - Nic Dowd wins face-off versus Sidney Crosby in Calgary Flames zone.
15:45 of 2nd period - Snap shot by Sidney Crosby.
15:45 of 2nd period - Shot Misses the Net.
15:47 of 2nd period - Slapshot by Filip Hronek.
15:47 of 2nd period - Shot Blocked by Joel Eriksson Ek.
15:49 of 2nd period - Wrist shot by Jamie Benn.
15:49 of 2nd period - Shot Misses the Net.
15:51 of 2nd period - Snap shot by Dylan Larkin.
15:51 of 2nd period - Shot Blocked by Rafael Harvey-Pinard.
16:01 of 2nd period - Joel Eriksson Ek is hit by Patrik Laine and loses puck.
17:24 of 2nd period - Damon Severson is hit by Joel Eriksson Ek and loses puck.
17:33 of 2nd period - Penalty to Matthew Tkachuk is over, Matthew Tkachuk is back on ice.
17:33 of 2nd period - Snap shot by Martin Necas.
17:33 of 2nd period - Shot Blocked by Nic Dowd.
17:47 of 2nd period - Snap shot by Mathieu Joseph.
17:47 of 2nd period - Stopped by Jacob Markstrom without a rebound.
17:48 of 2nd period - J.T. Miller wins face-off versus Christian Fischer in Montreal Canadiens zone.
17:49 of 2nd period - Wrist shot by Matthew Tkachuk.
17:49 of 2nd period - Stopped by Jacob Markstrom with a rebound.
17:51 of 2nd period - Slapshot by J.T. Miller.
17:51 of 2nd period - Shot Misses the Net.
17:53 of 2nd period - Snap shot by Drew Doughty.
17:53 of 2nd period - Stopped by Jacob Markstrom without a rebound.
17:54 of 2nd period - J.T. Miller wins face-off versus Christian Fischer in Montreal Canadiens zone.
17:58 of 2nd period - Minor Penalty to Filip Hronek for Hooking.
17:59 of 2nd period - Sebastian Aho wins face-off versus Jake Evans in Montreal Canadiens zone.
18:04 of 2nd period - Slapshot by Drew Doughty.
18:04 of 2nd period - Goal by Drew Doughty - Montreal Canadiens : 3 - Calgary Flames : 3.
18:05 of 2nd period - Sebastian Aho wins face-off versus Christian Fischer in neutral zone.
18:08 of 2nd period - Slapshot by Kris Letang.
18:08 of 2nd period - Shot Misses the Net.
18:18 of 2nd period - Zach Hyman is hit by Filip Hronek and loses puck.
19:35 of 2nd period - Wrist shot by Tyson Jost.
19:35 of 2nd period - Stopped by Samuel Montembeault without a rebound.
19:36 of 2nd period - Sebastian Aho wins face-off versus Christian Fischer in Calgary Flames zone.
Goals for this period are 1 for Montreal Canadiens vs 1 for Calgary Flames.
Shots for this period are 16 for Montreal Canadiens vs 18 for Calgary Flames.
3rd period
0:01 of 3rd period - Jamie Benn wins face-off versus Matthew Tkachuk in neutral zone.
0:29 of 3rd period - Snap shot by Dylan Larkin.
0:29 of 3rd period - Stopped by Samuel Montembeault with a rebound.
0:31 of 3rd period - Snap shot by Filip Forsberg.
0:31 of 3rd period - Stopped by Samuel Montembeault with a rebound.
0:59 of 3rd period - Snap shot by Logan Couture.
0:59 of 3rd period - Shot Misses the Net.
1:09 of 3rd period - Slapshot by Matthew Tkachuk.
1:09 of 3rd period - Stopped by Jacob Markstrom with a rebound.
1:11 of 3rd period - Wrist shot by Valeri Nichushkin.
1:11 of 3rd period - Stopped by Jacob Markstrom without a rebound.
1:12 of 3rd period - J.T. Miller wins face-off versus Patrik Laine in Montreal Canadiens zone.
1:39 of 3rd period - Zach Hyman is hit by Filip Forsberg.
1:45 of 3rd period - Wrist shot by Joel Eriksson Ek.
1:45 of 3rd period - Stopped by Jacob Markstrom with a rebound.
2:05 of 3rd period - Snap shot by Logan Couture.
2:05 of 3rd period - Stopped by Jacob Markstrom with a rebound.
2:07 of 3rd period - Wrist shot by Timo Meier.
2:07 of 3rd period - Stopped by Jacob Markstrom without a rebound.
2:08 of 3rd period - J.T. Miller wins face-off versus Sidney Crosby in Montreal Canadiens zone.
2:37 of 3rd period - Zach Hyman is hit by Brady Skjei and loses puck.
2:48 of 3rd period - Snap shot by Dylan Larkin.
2:48 of 3rd period - Shot Misses the Net.
3:06 of 3rd period - Snap shot by Jacob Peterson.
3:06 of 3rd period - Stopped by Jacob Markstrom with a rebound.
3:08 of 3rd period - Snap shot by Mathieu Joseph.
3:08 of 3rd period - Stopped by Jacob Markstrom without a rebound.
3:09 of 3rd period - Sidney Crosby wins face-off versus J.T. Miller in Montreal Canadiens zone.
3:09 of 3rd period - Sidney Crosby is hit by J.T. Miller.
4:23 of 3rd period - Minor Penalty to Mathieu Joseph for Roughing.
4:24 of 3rd period - Nic Dowd wins face-off versus Sidney Crosby in Calgary Flames zone.
4:37 of 3rd period - Wrist shot by Rafael Harvey-Pinard.
4:37 of 3rd period - Stopped by Jacob Markstrom with a rebound.
4:39 of 3rd period - Slapshot by Kris Letang.
4:39 of 3rd period - Shot Blocked by Sidney Crosby.
4:41 of 3rd period - Wrist shot by Rafael Harvey-Pinard.
4:41 of 3rd period - Stopped by Jacob Markstrom with a rebound.
4:43 of 3rd period - Slapshot by Rafael Harvey-Pinard.
4:43 of 3rd period - Shot Misses the Net.
5:05 of 3rd period - Wrist shot by Filip Forsberg.
5:05 of 3rd period - Stopped by Samuel Montembeault with a rebound.
6:23 of 3rd period - Penalty to Mathieu Joseph is over, Mathieu Joseph is back on ice.
6:23 of 3rd period - Snap shot by Jonathan Marchessault.
6:23 of 3rd period - Shot Blocked by Rafael Harvey-Pinard.
6:40 of 3rd period - Tyson Jost is hit by Kris Letang.
6:44 of 3rd period - Brady Skjei is hit by Kris Letang and loses puck.
7:33 of 3rd period - Evgeni Dadonov is hit by Mathieu Joseph and loses puck.
7:40 of 3rd period - Slapshot by Mathieu Joseph.
7:40 of 3rd period - Shot Misses the Net.
7:42 of 3rd period - Wrist shot by Joel Eriksson Ek.
7:42 of 3rd period - Deflect By Rafael Harvey-Pinard.
7:42 of 3rd period - Goal by Rafael Harvey-Pinard - Montreal Canadiens : 3 - Calgary Flames : 4.
7:43 of 3rd period - Sidney Crosby wins face-off versus J.T. Miller in neutral zone.
8:57 of 3rd period - Icing by Rasmus Andersson.
8:58 of 3rd period - Nic Dowd wins face-off versus Vladislav Namestnikov in Calgary Flames zone.
8:58 of 3rd period - Nic Dowd is hit by Evgeni Dadonov.
9:04 of 3rd period - Wrist shot by Matthew Tkachuk.
9:04 of 3rd period - Shot Blocked by Jake Evans.
9:06 of 3rd period - Snap shot by Valeri Nichushkin.
9:06 of 3rd period - Stopped by Jacob Markstrom with a rebound.
10:37 of 3rd period - Snap shot by Vladislav Namestnikov.
10:37 of 3rd period - Shot Misses the Net.
10:52 of 3rd period - Minor Penalty to Matthew Tkachuk for Interference.
10:53 of 3rd period - Sidney Crosby wins face-off versus Nic Dowd in Calgary Flames zone.
11:17 of 3rd period - Martin Necas is hit by Jeff Petry and loses puck.
11:28 of 3rd period - Backhand shot by Brady Skjei.
11:28 of 3rd period - Deflect By Michael Anderson.
11:28 of 3rd period - Stopped by Samuel Montembeault with a rebound.
12:52 of 3rd period - Penalty to Matthew Tkachuk is over, Matthew Tkachuk is back on ice.
12:52 of 3rd period - Filip Hronek is hit by Jeff Petry and loses puck.
13:14 of 3rd period - Christian Fischer is hit by Jeremy Lauzon and loses puck.
14:56 of 3rd period - Mathieu Joseph is hit by Jamie Benn and loses puck.
16:03 of 3rd period - Kris Letang is hit by Damon Severson and loses puck.
16:27 of 3rd period - Snap shot by Christian Fischer.
16:27 of 3rd period - Stopped by Samuel Montembeault with a rebound.
16:32 of 3rd period - Minor Penalty to Tyson Jost for Tripping.
16:33 of 3rd period - J.T. Miller wins face-off versus Jake Evans in Montreal Canadiens zone.
16:47 of 3rd period - Snap shot by Matthew Tkachuk.
16:47 of 3rd period - Goal by Matthew Tkachuk - Montreal Canadiens : 3 - Calgary Flames : 5.
16:48 of 3rd period - Logan Couture wins face-off versus Christian Fischer in neutral zone.
16:58 of 3rd period - Minor Penalty to Jeremy Lauzon for Hooking.
16:59 of 3rd period - Nic Dowd wins face-off versus Sidney Crosby in Calgary Flames zone.
18:16 of 3rd period - Nic Dowd is hit by Filip Forsberg and loses puck.
18:58 of 3rd period - Penalty to Jeremy Lauzon is over, Jeremy Lauzon is back on ice.
Goals for this period are 0 for Montreal Canadiens vs 2 for Calgary Flames.
Shots for this period are 5 for Montreal Canadiens vs 12 for Calgary Flames.
Back to the Top